 Dungeon Crawl Stone Soup version 0.23.2-30-g0e89c35649 (webtiles) character file.

Game seed: 12788994686801416560

17 darkkolega the Sneak (level 2, -5/19 HPs)
             Began as a Vampire Enchanter on June 9, 2019.
             Slain by a sky beast (6 damage)
             ... on level 1 of the Dungeon.
             The game lasted 00:13:13 (1484 turns).

darkkolega the Sneak (Vampire Enchanter)            Turns: 1484, Time: 00:13:14

Health: -5/19      AC:  2    Str:  7    XL:     2   Next: 44%
Magic:  5/5        EV: 13    Int: 17    God:
Gold:   42         SH:  0    Dex: 14    Spells: 4/5 levels left

rFire    . . .     SeeInvis +   a - +1 dagger
rCold    . . .     Gourm    .   (no shield)
rNeg     + . .     Faith    .   b - +0 robe
rPois    .         Spirit   .   (no helmet)
rElec    .         Reflect  .   (no cloak)
rCorr    .         Harm     .   (no gloves)
MR       +....                  (no boots)
Stlth    +++.......             (no amulet)
HPRegen  0.06/turn              c - ring of protection from magic
MPRegen  0.09/turn              (no ring)

@: no status effects
A: fangs 3, see invisible, unbreathing
a: no special abilities


You were on level 1 of the Dungeon.
You were not thirsty.

You visited 1 branch of the dungeon, and saw 2 of its levels.

You collected 42 gold pieces.

Inventory:

Hand Weapons
 a - a +1 dagger (weapon)
Armour
 b - a +0 robe (worn)
Jewellery
 c - a ring of protection from magic (left hand)
 e - an uncursed amulet of guardian spirit {unknown}
 g - a cursed -3 ring of evasion {unknown}
Scrolls
 f - a scroll of identify {unknown}
Potions
 d - 4 potions of blood


   Skills:
 + Level 1.5 Short Blades
 + Level 2.4 Dodging
 + Level 4.7 Stealth
 + Level 2.2 Spellcasting
 + Level 4.6 Hexes


You had 4 spell levels left.
You knew the following spells:

 Your Spells              Type           Power        Failure   Level  Hunger
a - Corona                Hex            ###....      2%          1    #......

Your spell library contained the following spells:

 Spells                   Type           Power        Failure   Level  Hunger
 Confuse                  Hex            ###.....     9%          3    ###....
 Tukima's Dance           Hex            ###.....     9%          3    ###....
 Ensorcelled Hibernation  Hex/Ice        #.....       11%         2    ###....
 Dazzling Spray           Conj/Hex       #.....       22%         3    ###....


Dungeon Overview and Level Annotations

Branches:
Dungeon (2/15)

Altars:


Innate Abilities, Weirdness & Mutations

You have razor-sharp teeth.
You have supernaturally acute eyesight. (SInv)
You can survive without breathing.


Message History

The kobold misses you.
There is an open door here.
You see here a glowing mace.
The kobold misses you.
You hit the kobold.
You kill the kobold!
The sky beast flickers out of sight for a moment.
The sky beast flickers out of sight for a moment.
The sky beast flickers out of sight for a moment.
There is a stone staircase leading up here.
The sky beast barely misses you.
You climb upwards.
There is a stone staircase leading down here.
You closely miss the sky beast. The sky beast hits you.
The sky beast shocks you.
* * * LOW HITPOINT WARNING * * *
You closely miss the sky beast. The sky beast hits you.
* * * LOW HITPOINT WARNING * * *
The sky beast shocks you.
You die...

.#....# #.##...#+##'########.#.##
.#.#'## #.###..#.##..........#...
.#.#.####.###................####
+#+#...................(.........
.....####.###..#.###########.####
.....'.##.# ##.#.............#
.....#.##.# #...............#
.....#.##.# ##.Y............####
+#####.##.#####.@########.......#
.............)...# #.#####.#
######.##.###############.# #.#
..........#.............>.# #.#
.......#..#..8..8..8..8...# #.#
########..#...............# #.#
..........#...............# #.#
#########.#<............>.# #.#
#.#...............# #.#


You could see a sky beast.

Vanquished Creatures
  An ooze (D:1)
  A dart slug (D:1)
  A leopard gecko (D:1)
  2 hobgoblins (D:1)
  A ball python (D:1)
  A frilled lizard (D:1)
  A goblin (D:1)
  2 kobolds
  2 rats (D:1)
12 creatures vanquished.

Notes
Turn   | Place    | Note
-------+----------+-------------------------------------------
     0 | D:1      | darkkolega the Vampire Enchanter began the quest for the
                  | Orb.
     0 | D:1      | Reached XP level 1. HP: 13/13 MP: 3/3
   457 | D:1      | Reached XP level 2. HP: 14/19 MP: 5/5
  1436 | D:2      | Noticed a sky beast
  1484 | D:1      | Slain by a sky beast

Action                   || total
-------------------------++-------
Melee: Dagger            ||    54
       Bite              ||     3
 Cast: Corona            ||     2
 Stab: Sleeping          ||     3
  Eat: Corpse            ||     2
Armor: Robe              ||     3
Dodge: Dodged            ||    30
